 Seeded DCSS version 0.29.1-14-g9c671dbff4 (webtiles) character file.

Game seed: 20230211 (custom seed)

15514 ueste the Summoner (level 12, -4/81 HPs)
             Began as a Merfolk Summoner on Feb 18, 2023.
             Was a High Priest of Hepliaklqana.
             Slain by an orc warrior
             ... wielding a +0 dire flail
              (20 damage)
             ... on level 1 of the Orcish Mines on Feb 20, 2023.
             The game lasted 03:48:22 (18144 turns).

ueste the Summoner (Merfolk Summoner)              Turns: 18144, Time: 03:48:23

Health: -4/81      AC:  8    Str:  9    XL:     12   Next: 27%
Magic:  16/24      EV: 16    Int: 24    God:    Hepliaklqana [*****.]
Gold:   2266       SH:  0    Dex: 15    Spells: 9/28 levels left

rFire   + . .      SeeInvis .   V - +0 shortbow
rCold   . . .      Faith    .   (shield currently unavailable)
rNeg    . . .      Spirit   .   L - +2 troll leather armour {Snorg}
rPois   .          Reflect  .   (no helmet)
rElec   .          Harm     .   w - scarf {repulsion}
rCorr   .          Rampage  .   s - +0 pair of gloves
Will    +....                   (no boots)
Stlth   +++.......              G - amulet of Qiyxkir {+Inv rF+ Regen+ Stlth-}
HPRegen 1.83/turn               B - +6 ring of intelligence
MPRegen 0.19/turn               X - ring of willpower

@: repel missiles
A: reduced essence, (nimble swimmer 2), mertail
a: Renounce Religion, Evoke Invisibility, Recall Ancestor, Ancestor Identity,
Transference, Idealise


You were on level 1 of the Orcish Mines.
You worshipped Hepliaklqana.
Hepliaklqana was extremely pleased with you.
You visited 3 branches of the dungeon, and saw 12 of its levels.
You also visited: Sewer and Ossuary.

You collected 2266 gold pieces.

Inventory:

Hand Weapons
 a - a +2 vorpal sling
 e - a +2 trident of flaming
 g - a +2 short sword of draining
 v - a +1 short sword of venom
 C - a +2 short sword of electrocution
 U - a +1 short sword of speed
 V - a +0 shortbow (weapon)
 W - a +0 dagger of protection
 Z - a +1 dagger of flaming
Missiles
 h - 5 curare-tipped darts
 i - 78 poisoned darts
 r - 102 stones
 y - 5 silver javelins
 I - 13 boomerangs
 K - 3 boomerangs of dispersal
Armour
 s - a +0 pair of gloves (worn)
 w - a scarf of repulsion (worn)
 L - a +2 troll leather armour (worn) {Snorg}
 P - +3 steam dragon scales
Jewellery
 B - a +6 ring of intelligence (left hand)
 E - a ring of positive energy
 G - the amulet of Qiyxkir (around neck) {+Inv rF+ Regen+ Stlth-}
   (You took it off a wight on level 9 of the Dungeon)

   [amulet of regeneration]

   rF:        It protects you from fire.
   +Inv:      It lets you turn invisible.
   Regen:     It increases your rate of health regeneration.
   Stlth:     It makes you less stealthy.
 Q - a ring of positive energy
 X - a ring of willpower (right hand)
 Y - a ring of fire
Wands
 M - a wand of roots (6)
 T - a wand of quicksilver (9)
Scrolls
 d - 7 scrolls of teleportation {unknown}
 j - 8 scrolls of identify
 k - a scroll of poison {unknown}
 n - a scroll of silence {unknown}
 q - 4 scrolls of immolation {unknown}
 D - a scroll of fog {unknown}
 F - 3 scrolls of magic mapping {unknown}
 H - a scroll of summoning
 O - a scroll of fear
 R - 2 scrolls of blinking {unknown}
Potions
 b - 2 potions of magic
 c - 4 potions of haste {unknown}
 f - 4 potions of flight {unknown}
 l - 2 potions of berserk rage {unknown}
 o - 3 potions of resistance {unknown}
 p - 5 potions of curing
 t - 2 potions of brilliance {unknown}
 A - 3 potions of might
 J - 2 potions of cancellation
 N - 5 potions of lignification
 S - a potion of heal wounds
Miscellaneous
 m - a condenser vane
 x - a tin of tremorstones (2/2)


   Skills:
 + Level 7.0 Fighting
 + Level 7.5 Short Blades
 + Level 4.9 Armour
 + Level 9.0 Dodging
 + Level 8.1 Stealth
 * Level 8.8 Spellcasting
 * Level 10.2 Summonings
 + Level 2.6 Invocations


You had 9 spell levels left.
You knew the following spells:

 Your Spells              Type           Power      Damage    Failure   Level
a - Summon Small Mammal   Summ           100%       N/A       1%          1
b - Call Imp              Summ           56%        N/A       1%          2
c - Summon Guardian Gole  Hex/Summ       35%        N/A       3%          3
d - Call Canine Familiar  Summ           56%        N/A       1%          3
e - Blink                 Tloc           20%        N/A       12%         2
f - Summon Lightning Spi  Summ/Air       35%        N/A       10%         4
g - Animate Armour        Summ/Erth      70%        N/A       10%         4

Your spell library contained the following spells:

 Spells                   Type           Power      Damage    Failure   Level
 Beastly Appendage        Tmut           20%        N/A       8%          1
 Slow                     Hex            40%        N/A       8%          1
 Scorch                   Fire           20%        2d6       12%         2
 Wereblood                Tmut           10%        N/A       12%         2
 Summon Cactus Giant      Summ           28%        N/A       19%         6
 Confusing Touch          Hex            10%        N/A       24%         3
 Spider Form              Tmut/Pois      10%        N/A       24%         3
 Vampiric Draining        Necr           10%        2d6       24%         3
 Flame Wave               Conj/Fire      10%        2d6       61%         4
 Hailstorm                Conj/Ice       10%        3d5       61%         4
 Ice Form                 Ice/Tmut       10%        N/A       61%         4
 Blade Hands              Tmut           5%         N/A       91%         5
 Manifold Assault         Tloc           10%        N/A       91%         5
 Iron Shot                Conj/Erth      5%         9d2       100%        6
 Simulacrum               Ice/Necr       5%         N/A       100%        6
 Storm Form               Tmut/Air       5%         N/A       100%        7


Dungeon Overview and Level Annotations

Branches:
Dungeon (9/15)             Temple (1/1) D:4            Lair (0/5) D:9
    Orc (2/2) D:9           Sewer (visited)         Ossuary (visited)
    Elf: Orc:2

Altars:
Ashenzari
Cheibriados
Dithmenos
Elyvilon
Fedhas
Gozag
Hepliaklqana
Kikubaaqudgha
Makhleb
Nemelex Xobeh
Okawaru
Qazlal
Ru
Sif Muna
Trog
Uskayaw
Vehumet
Wu Jian
Xom
Yredelemnul
Zin
The Shining One

Shops:
D:1 [   D:6 :   D:8 !

Annotations:
D:9 3 runed translucent doors, melkoren's ghost, journeyman DrBe


Innate Abilities, Weirdness & Mutations

Your life essence is reduced to manifest your ancestor. (-10% HP)
((You are very nimble when in or above water. (Stealth+, EV+, Speed+++)))
Your lower body shifts to a powerful aquatic tail in water.


Message History

Casting: Call Canine Familiar (safe; 1% risk of failure)
Confirm with . or Enter, or press ? or * to list all spells.
A beastly little devil appears in a puff of flame.
The orc warrior closely misses you.
Ilanqa barely misses the orc warrior.
The orc warrior hits you with a +0 dire flail!
* * * LOW HITPOINT WARNING * * *
You feel better.
Your wolf bites the orc warrior but does no damage.
The orc warrior hits you with a +0 flail!
* * * LOW HITPOINT WARNING * * *
Ilanqa hits the orc warrior with a +0 flail.
The orc warrior closely misses you.
Your wolf bites the orc warrior.
Your crimson imp hits the orc warrior but does no damage.
You swap places.
Your wolf bites the orc warrior but does no damage.
Ilanqa blocks the orc warrior's attack.
Ilanqa closely misses the orc warrior.
The orc warrior closely misses you.
Your wolf bites the orc warrior.
Your crimson imp barely misses the orc warrior.
Casting: Call Imp (safe; 1% risk of failure)
Confirm with . or Enter, or press ? or * to list all spells.
You feel stable enough to blink again.
Your wolf closely misses the orc warrior.
The orc warrior barely misses Ilanqa.
Ilanqa hits the orc warrior with a +0 flail.
The orc warrior barely misses you.
Your crimson imp hits the orc warrior but does no damage.
Casting: Summon Small Mammal (safe; 1% risk of failure)
Confirm with . or Enter, or press ? or * to list all spells.
Your wolf closely misses the orc warrior.
Ilanqa blocks the orc warrior's attack.
Ilanqa hits the orc warrior with a +0 flail.
The orc warrior hits you with a +0 dire flail!
* * * LOW HITPOINT WARNING * * *
Your wolf bites the orc warrior.
The orc warrior dies!
Your quokka bites the orc warrior.
Your crimson imp misses the orc warrior.
The orc warrior attacks as you move away!
The orc warrior hits you with a +0 dire flail!!
You die...

#.........................#######
.##.......)..............### ##h
..##..............#..).[.#.####..
...#.....#[.......##.........###5
...##.............##.....#....##R
....##............#....[[.....#..
#.............r..................
.##...........h.............#.#.#
...........[..)5@[...........####
..............Ror.#....##.....##
##...........)>)).#...##.......#
#............))..#.#8####.#....#
................)......#####...#
#.##..#.................# ##.##
##.....#.#.......#......# ###
#.......[.......#......##
##...............#......#


You could see the friendly Ilanqa the knight, an orc warrior (ally target), a
friendly wolf (summoned), a friendly crimson imp (summoned) and 2 friendly
quokkas.

Vanquished Creatures
  A yak (D:9)
  3 orc warriors (Orc:1)
  An ice beast (D:5)
  4 centaurs
  An ogre (Orc:2)
  A phantom (D:4)
  A bullfrog (D:7)
  A killer bee (D:9)
  An orc priest (D:8)
  An adder (Sewer)
  A white imp (D:6)
  5 orcs
  A bat (D:2)
  4 endoplasms
  A giant cockroach (D:4)
  3 goblins
  2 hobgoblins
  A kobold (Sewer)
  A ball python (D:3)
  A bat simulacrum (Ossuary)
  A frilled lizard (D:2)
  An orc zombie (Ossuary)
37 creatures vanquished.

Vanquished Creatures (collateral kills)
  An orc warlord (Orc:1)
  Snorg (Orc:1)
  A deep elf pyromancer (D:8)
  An orc knight (Orc:2)
  A cyclops (D:9)
  Maggie (D:6)
  A kobold demonologist (D:9)
  3 trolls
  Grinder (D:3)
  A hornet (D:9)
  Sigmund (D:3)
  Eustachio (D:8)
  4 yaks (D:9)
  3 wyverns
  A steam dragon (D:7)
  4 wargs
  Duvessa (D:6)
  A water moccasin (D:7)
  12 orc warriors
  A nameless horror (Orc:1)
  A sky beast (D:7)
  3 ice beasts
  A black bear (D:6)
  3 ogres
  6 centaurs
  2 phantoms (D:6)
  18 kobold brigands
  A gnoll sergeant (D:3)
  5 bullfrogs
  4 scorpions (D:6)
  11 wights
  Dowan (D:6)
  12 killer bees
  A howler monkey (D:9)
  2 hounds
  A gnoll bouda (D:5)
  13 orc priests
  3 iguanas
  13 orc wizards
  A mummy (Ossuary)
  8 gnolls
  5 adders
  A river rat (Sewer)
  A shadow imp (D:7)
  A white imp (D:8)
  An ufetubus (D:4)
  3 worms
  54 orcs
  4 spectral bats (Ossuary)
  4 bats
  7 endoplasms
  3 giant cockroaches
  12 gnoll zombies (Ossuary)
  9 hobgoblins
  8 ball pythons
  4 bat simulacra (Ossuary)
  2 frilled lizards
  6 goblins
  4 goblin zombies (Ossuary)
  5 hobgoblin zombies (Ossuary)
  26 kobolds
  5 kobold simulacra (Ossuary)
  4 kobold zombies (Ossuary)
  4 orc zombies (Ossuary)
  6 rats
  A rat simulacrum (Ossuary)
  A spectral goblin (Ossuary)
  5 spectral kobolds (Ossuary)
  5 spectral rats (Ossuary)
342 creatures vanquished.

Vanquished Creatures (others)
  2 orc knights
  2 orc warriors
  2 centaurs (D:9)
  4 knights
  An orc wizard (D:4)
  6 plants (D:2)
17 creatures vanquished.

Grand Total: 396 creatures vanquished

Notes
Turn   | Place    | Note
-------+----------+-------------------------------------------
     0 | D:1      | ueste the Merfolk Summoner began the quest for the Orb.
     0 | D:1      | Reached XP level 1. HP: 13/13 MP: 3/3
   716 | D:4      | Reached XP level 2. HP: 9/9 MP: 1/5
   771 | D:4      | Found a staircase to the Ecumenical Temple.
   776 | Temple   | Entered the Ecumenical Temple
   776 | Temple   | Found a transporter.
   776 | Temple   | Found a transporter.
   780 | Temple   | Learned a level 2 spell: Call Imp
   781 | Temple   | Found a transporter.
   781 | Temple   | Found a transporter.
   795 | Temple   | Became a worshipper of Hepliaklqana the Forgotten
   989 | D:4      | Found a glowing drain.
  1106 | Sewer    | Entered a sewer
  1116 | Sewer    | Reached XP level 3. HP: 15/16 MP: 1/6
  1270 | Sewer    | Noticed a kobold brigand
  1298 | Sewer    | Killed a kobold brigand
  1299 | Sewer    | Reached skill level 1 in Fighting
  1299 | Sewer    | Reached XP level 4. HP: 10/32 MP: 1/8
  1583 | Sewer    | Reached skill level 1 in Short Blades
  1991 | Sewer    | Reached XP level 5. HP: 26/37 MP: 2/9
  2353 | D:1      | Reached skill level 1 in Armour
  2451 | D:1      | Found a faded altar of an unknown god.
  2718 | D:1      | Reached * piety under Hepliaklqana
  3443 | D:1      | Found Zoqeb's Antique Armour Boutique.
  3747 | D:2      | Learned a level 3 spell: Summon Guardian Golem
  3751 | D:2      | Learned a level 3 spell: Call Canine Familiar
  4325 | D:2      | Reached ** piety under Hepliaklqana
  4326 | D:2      | Remembered your ancestor Ilanqa as a knight
  4485 | D:3      | Noticed Sigmund
  4760 | D:4      | Reached XP level 6. HP: 30/38 MP: 8/10
  4769 | D:4      | Reached skill level 5 in Summonings
  5644 | D:5      | Entered Level 5 of the Dungeon
  5675 | D:5      | Reached XP level 7. HP: 31/45 MP: 4/12
  5689 | D:5      | Found a sand-covered staircase.
  5695 | Ossuary  | Entered an ossuary
  5953 | Ossuary  | Reached *** piety under Hepliaklqana
  6448 | D:5      | You fall into a shaft and drop 2 floors!
  7011 | D:5      | Reached XP level 8. HP: 51/51 MP: 6/14
  7124 | D:5      | Found a bloodstained altar of Trog.
  7667 | D:6      | Reached skill level 6 in Summonings
  8091 | D:6      | Reached skill level 5 in Dodging
  8168 | D:6      | Noticed Maggie
  8197 | D:6      | Killed Maggie
  8198 | D:6      | Reached skill level 5 in Spellcasting
  8713 | D:6      | Found Tinkyis's Book Shop.
  8752 | D:6      | Reached **** piety under Hepliaklqana
  9034 | D:6      | Noticed a troll
  9142 | D:6      | Killed a troll
  9143 | D:6      | Reached skill level 5 in Stealth
  9143 | D:6      | Reached XP level 9. HP: 58/58 MP: 7/17
  9255 | D:3      | Noticed Grinder
  9261 | D:3      | Killed Grinder
  9286 | D:3      | Reached skill level 7 in Summonings
  9365 | D:3      | Killed Sigmund
  9516 | D:3      | Learned a level 2 spell: Blink
  9521 | D:3      | Learned a level 4 spell: Summon Lightning Spire
  9864 | D:3      | Identified a scroll of acquirement
 10222 | D:6      | Noticed Dowan
 10227 | D:6      | Killed Dowan
 10228 | D:6      | Noticed Duvessa
 10240 | D:6      | Killed Duvessa
 11240 | D:7      | Reached skill level 5 in Short Blades
 11240 | D:7      | Reached XP level 10. HP: 65/65 MP: 19/19
 12021 | D:7      | Reached skill level 5 in Fighting
 12347 | D:8      | Reached skill level 8 in Summonings
 12370 | D:8      | Noticed Eustachio
 12396 | D:8      | Killed Eustachio
 12814 | D:8      | Learned a level 4 spell: Animate Armour
 12852 | D:8      | Found Zaskecibb's Distillery.
 13021 | D:8      | Found a shimmering altar of Xom.
 13022 | D:8      | Found a glowing golden altar of the Shining One.
 13064 | D:8      | Reached ***** piety under Hepliaklqana
 13139 | D:8      | Noticed a deep elf pyromancer
 13159 | D:8      | Killed a deep elf pyromancer
 13541 | D:9      | Noticed a kobold demonologist
 13875 | D:9      | Reached XP level 11. HP: 72/72 MP: 14/22
 13881 | D:9      | Noticed a sixfirhy
 14096 | D:9      | Reached skill level 9 in Summonings
 14221 | D:9      | Found a staircase to the Orcish Mines.
 14450 | D:9      | Noticed a cyclops
 14458 | D:9      | Killed a cyclops
 14932 | D:9      | Identified the amulet of Qiyxkir {+Inv rF+ Regen+ Stlth-}
 15236 | D:9      | Found a runed translucent gate.
 15237 | D:9      | Found a runed translucent gate.
 15284 | D:9      | Found a runed translucent gate.
 15285 | D:9      | Noticed melkoren's ghost (journeyman DrBe)
 15305 | D:9      | Found a staircase to the Lair.
 15382 | Orc:1    | Entered Level 1 of the Orcish Mines
 15840 | Orc:1    | Noticed Snorg
 15855 | Orc:1    | Killed Snorg
 15856 | Orc:1    | Reached skill level 1 in Invocations
 16194 | Orc:2    | Entered Level 2 of the Orcish Mines
 16354 | Orc:2    | Noticed an orc warlord
 16555 | Orc:1    | Killed an orc warlord
 16556 | Orc:1    | Reached XP level 12. HP: 80/80 MP: 1/24
 17263 | Orc:2    | Reached skill level 10 in Summonings
 17826 | Orc:1    | Acquired 1334 gold pieces
 18144 | Orc:1    | Slain by an orc warrior

Illustrated notes

Levels and vault maps discovered:
D:1:      reono_arrival_mine, layout_basic, basic_ecumenical_altar,
          serial_shops, nicolae_lakefront_shop, minmay_split_cup_large
D:2:      layout_rooms, serial_bayou_lagoon_a, minmay_tall_x
D:3:      layout_rooms, amethyst_killhole, uniq_grinder, uniq_sigmund
D:4:      layout_cave_pools, temple_doors_e, cheibrodos_sewer_entry_bend
D:5:      layout_basic, general_overflow_altar, enter_ossuary_2
D:6:      layout_basic, serial_shops, shop_coins, minmay_holes,
          minmay_misc_feat_nine_boxes, grunt_decor_resistance, uniq_eustachio,
          uniq_maggie, uniq_duvessa
D:7:      layout_basic
D:8:      layout_cave_pools, mainiacjoe_overflow_divided_tiny, enter_bailey_4,
          serial_shops, nicolae_diamond_shop, guppyfry_early_elven_hall
D:9:      layout_rooms, lair_entry_dummy, special_room [special_room_kobold],
          gammafunk_ghost_nasty_kobolds, onia_ninara_cookie
Temple:   hellmonk_temple_divided_pantheon
Orc:1:    layout_caves, basic_altar, minmay_orc_temple_a, uniq_snorg
Orc:2:    st_orc_rangers, layout_caves, gauntlet_entry_generic, serial_shops,
          shop, basic_altar

Skill      XL: |  1  2  3  4  5  6  7  8  9 10 11 12 |
---------------+-------------------------------------+-----
Dodging        | 3 4 5 6 7 8 9 |  9.0
Fighting       | 1 2 3 4 5 6 7 |  7.0
Short Blades   | 1 2 4 5 6 7 |  7.5
Armour         | 1 2 3 4 |  4.9
Spellcasting   | 3 4 5 6 7 8 |  8.8
Stealth        | 3 4 5 6 7 8 |  8.1
Summonings     | 5 6 7 8 9 10 | 10.2
Invocations    | 2 |  2.6

Action                   |  1- 3 |  4- 6 |  7- 9 | 10-12 || total
-------------------------+-------+-------+-------+-------++-------
Melee: Dagger            |    16 |       |       |       ||    16
       Unarmed           |     2 |       |       |       ||     2
       Short sword       |     1 |    70 |    35 |   100 ||   206
       Tailslap          |       |     4 |       |       ||     4
       Punch             |       |     1 |       |       ||     1
 Fire: Shortbow          |       |       |       |     2 ||     2
       Arbalest          |       |       |       |     1 ||     1
Throw: Dart              |       |       |       |    10 ||    10
       Boomerang         |       |       |       |    15 ||    15
 Cast: Summon Small Mamm |    32 |    70 |    69 |   120 ||   291
       Call Imp          |     7 |    29 |    29 |    69 ||   134
       Call Canine Famil |       |     3 |    34 |    72 ||   109
       Summon Guardian G |       |       |    10 |    20 ||    30
       Summon Lightning  |       |       |       |    31 ||    31
       Blink             |       |       |       |     8 ||     8
       Animate Armour    |       |       |       |    10 ||    10
Invok: Recall Ancestor   |       |     1 |     2 |     5 ||     8
       Ancestor Life: Kn |       |     1 |       |       ||     1
       Ancestor Identity |       |     1 |       |       ||     1
       Transference      |       |       |       |     2 ||     2
  Use: Scroll            |       |       |     7 |     4 ||    11
       Potion            |       |       |     1 |     4 ||     5
 Stab: Distracted        |     2 |       |     1 |     3 ||     6
       Sleeping          |       |     1 |     1 |     2 ||     4
Armor: Robe              |     7 |    12 |     6 |       ||    25
       Steam dragon scal |       |       |     3 |    16 ||    19
       Troll leather arm |       |       |       |    40 ||    40
Dodge: Dodged            |     9 |    51 |    36 |   455 ||   551
       Repelled          |       |     1 |     1 |     7 ||     9
